[ AOE2 MATCH · #485099373 ]
1v1 RMItalians vs Poles
Player's team · WIN
Rival team · LOSS
[ REPLAY ANALYSIS · EXTRACTED FROM THE RECORDED GAME ]
Feudal
11:01
Castle
15:29
Imperial
30:22
| APM avg | 18.8 |
| APM peak | 42 |
| eAPM avg | 13.9 |
| Villagers / military | 161 / 417 |
Focus
⚔️ 35.0% · 🌾 65.0%
Scout Cavalry ×250 · Genoese Crossbowman ×96 · Hand Cannoneer ×55 · Bombard Cannon ×13 · Monk ×3
Feudal
10:57
Castle
16:35
Imperial
36:49
| APM avg | 32.0 |
| APM peak | 88 |
| eAPM avg | 24.3 |
| Villagers / military | 164 / 483 |
Focus
⚔️ 38.8% · 🌾 61.2%
Knight ×206 · Scout Cavalry ×146 · Obuch ×106 · Battering Ram ×17 · Trebuchet (Packed) ×8
Match map
Initial resources + every placement click. Lines = walls · curves = elevation contours. ◆ gold · ⬟ stone · ● berries · ✦ relic · ◌ wall gap
Your base· ✓ Closed at 15:29 · 0t walls · 3 gate(s)
Ranzenhans's base· ✓ Closed at 16:35 · 3t walls · 3 gate(s)
Smoothed initial terrain · ◌ = detected wall gap · hover for details
Inputs per minute
— De1moS - - Ranzenhans
Build order — De1moS
First 150 of 501 actions detected
| 0:02 | Build | House |
| 0:04 | Build | House |
| 0:06 | Create | Villager (Male) |
| 0:06 | Create | Villager (Male) |
| 0:06 | Create | Villager (Male) |
| 0:06 | Create | Villager (Male) |
| 0:07 | Create | Villager (Male) |
| 1:32 | Create | Villager (Male) |
| 1:51 | Build | Lumber Camp |
| 1:56 | Create | Villager (Male) |
| 2:30 | Create | Villager (Male) |
| 2:30 | Create | Villager (Male) |
| 2:46 | Create | Villager (Male) |
| 2:46 | Create | Villager (Male) |
| 3:11 | Create | Villager (Male) |
| 3:38 | Build | House |
| 3:48 | Create | Villager (Male) |
| 3:48 | Create | Villager (Male) |
| 3:59 | Build | Mill |
| 4:05 | Create | Villager (Male) |
| 4:06 | Create | Villager (Male) |
| 4:25 | Create | Villager (Male) |
| 4:25 | Create | Villager (Male) |
| 5:01 | Create | Villager (Male) |
| 5:01 | Create | Villager (Male) |
| 5:19 | Create | Villager (Male) |
| 5:20 | Create | Villager (Male) |
| 5:48 | Create | Villager (Male) |
| 5:48 | Create | Villager (Male) |
| 5:53 | Create | Villager (Male) |
| 6:08 | Build | House |
| 6:51 | Build | Farm |
| 6:55 | Build | Farm |
| 6:58 | Create | Villager (Male) |
| 7:34 | Create | Villager (Male) |
| 7:35 | Create | Villager (Male) |
| 7:49 | Build | Mining Camp |
| 7:55 | Create | Villager (Male) |
| 8:20 | Research | Feudal Age |
| 8:46 | Build | Mill |
| 9:17 | Build | Mining Camp |
| 9:31 | Create | Villager (Male) |
| 9:31 | Create | Villager (Male) |
| 9:34 | Build | House |
| 10:33 | Create | Villager (Male) |
| 11:01 | Age | Feudal Age |
| 11:06 | Build | Market |
| 12:10 | Build | Blacksmith |
| 12:24 | Create | Villager (Male) |
| 12:46 | Research | Castle Age |
| 12:56 | Build | Farm |
| 12:58 | Build | Farm |
| 13:01 | Build | Farm |
| 13:33 | Build | House |
| 14:03 | Research | Double-Bit Axe |
| 14:09 | Research | Horse Collar |
| 14:47 | Build | Lumber Camp |
| 15:16 | Research | Wheelbarrow |
| 15:29 | Age | Castle Age |
| 15:44 | Build | Castle |
| 16:03 | Build | Monastery |
| 16:19 | Research | Bow Saw |
| 16:51 | Create | Monk |
| 16:51 | Create | Monk |
| 16:55 | Create | Villager (Male) |
| 16:56 | Create | Villager (Male) |
| 16:56 | Create | Villager (Male) |
| 17:26 | Create | Villager (Male) |
| 17:26 | Create | Villager (Male) |
| 17:26 | Create | Villager (Male) |
| 17:39 | Build | Town Center |
| 17:51 | Build | Farm |
| 17:55 | Create | Villager (Male) |
| 17:55 | Create | Villager (Male) |
| 18:08 | Create | Villager (Male) |
| 18:34 | Create | Villager (Male) |
| 18:34 | Create | Villager (Male) |
| 18:43 | Create | Villager (Male) |
| 18:43 | Create | Villager (Male) |
| 18:50 | Create | Villager (Male) |
| 18:51 | Create | Villager (Male) |
| 18:57 | Create | Villager (Male) |
| 18:57 | Create | Villager (Male) |
| 19:14 | Create | Monk |
| 19:26 | Build | Town Center |
| 19:28 | Create | Villager (Male) |
| 19:28 | Create | Villager (Male) |
| 19:35 | Create | Villager (Male) |
| 19:35 | Create | Villager (Male) |
| 19:39 | Create | Genoese Crossbowman ×3 |
| 19:43 | Create | Villager (Male) |
| 19:43 | Create | Villager (Male) |
| 19:43 | Create | Villager (Male) |
| 19:52 | Build | Farm |
| 20:14 | Create | Villager (Male) |
| 20:14 | Create | Villager (Male) |
| 20:22 | Build | Farm |
| 20:24 | Build | Farm |
| 20:26 | Create | Villager (Male) |
| 20:27 | Create | Villager (Male) |
| 20:43 | Create | Villager (Male) |
| 20:43 | Create | Villager (Male) |
| 20:57 | Create | Villager (Male) |
| 20:57 | Create | Villager (Male) |
| 21:04 | Build | Farm |
| 21:04 | Build | Farm |
| 21:05 | Build | Farm |
| 21:05 | Build | Farm |
| 21:06 | Build | Farm |
| 21:09 | Create | Villager (Male) |
| 21:09 | Create | Villager (Male) |
| 21:14 | Build | Farm |
| 21:15 | Build | Farm |
| 21:17 | Create | Villager (Male) |
| 21:18 | Create | Villager (Male) |
| 21:22 | Build | Farm |
| 21:25 | Build | Farm |
| 21:26 | Create | Villager (Male) |
| 21:27 | Create | Villager (Male) |
| 21:30 | Build | Farm |
| 22:00 | Create | Villager (Male) |
| 22:00 | Create | Villager (Male) |
| 22:00 | Create | Villager (Male) |
| 22:00 | Create | Villager (Male) |
| 22:09 | Build | House |
| 22:10 | Build | House |
| 22:11 | Build | House |
| 22:11 | Build | House |
| 22:11 | Build | House |
| 22:11 | Build | House |
| 22:12 | Build | House |
| 22:12 | Build | House |
| 22:12 | Build | House |
| 22:13 | Build | House |
| 22:17 | Create | Villager (Male) |
| 22:17 | Create | Villager (Male) |
| 22:24 | Build | Farm |
| 22:26 | Create | Villager (Male) |
| 22:26 | Create | Villager (Male) |
| 22:27 | Create | Villager (Male) |
| 22:31 | Build | Farm |
| 22:34 | Build | Farm |
| 22:42 | Build | Farm |
| 22:45 | Create | Villager (Male) |
| 22:45 | Create | Villager (Male) |
| 22:45 | Create | Villager (Male) |
| 22:45 | Create | Villager (Male) |
| 22:46 | Create | Villager (Male) |
| 23:00 | Create | Villager (Male) |
| 23:01 | Create | Villager (Male) |
Build order — Ranzenhans
First 150 of 640 actions detected
| 0:00 | Create | Villager (Male) |
| 0:01 | Create | Villager (Male) |
| 0:03 | Build | House |
| 0:04 | Build | House |
| 0:23 | Create | Villager (Male) |
| 0:24 | Create | Villager (Male) |
| 0:24 | Create | Villager (Male) |
| 1:26 | Create | Villager (Male) |
| 1:26 | Create | Villager (Male) |
| 1:58 | Create | Villager (Male) |
| 1:59 | Create | Villager (Male) |
| 2:04 | Build | Lumber Camp |
| 2:30 | Create | Villager (Male) |
| 2:48 | Create | Villager (Male) |
| 2:49 | Create | Villager (Male) |
| 3:10 | Create | Villager (Male) |
| 3:10 | Create | Villager (Male) |
| 3:40 | Create | Villager (Male) |
| 3:41 | Create | Villager (Male) |
| 3:54 | Build | House |
| 3:56 | Build | House |
| 4:04 | Create | Villager (Male) |
| 4:32 | Create | Villager (Male) |
| 4:32 | Create | Villager (Male) |
| 4:32 | Create | Villager (Male) |
| 5:26 | Create | Villager (Male) |
| 5:27 | Create | Villager (Male) |
| 6:05 | Create | Villager (Male) |
| 6:05 | Create | Villager (Male) |
| 6:22 | Build | Mill |
| 6:43 | Create | Villager (Male) |
| 7:02 | Create | Villager (Male) |
| 7:47 | Create | Villager (Male) |
| 8:02 | Create | Villager (Male) |
| 8:15 | Build | Mill |
| 8:31 | Research | Loom |
| 8:33 | Research | Feudal Age |
| 8:45 | Build | Mining Camp |
| 9:06 | Build | Lumber Camp |
| 10:02 | Build | House |
| 10:04 | Build | House |
| 10:35 | Create | Villager (Male) |
| 10:35 | Create | Villager (Male) |
| 10:57 | Age | Feudal Age |
| 11:06 | Build | Market |
| 11:09 | Research | Double-Bit Axe |
| 11:12 | Research | Gold Mining |
| 11:29 | Build | Blacksmith |
| 11:46 | Research | Horse Collar |
| 11:49 | Create | Villager (Male) |
| 11:58 | Build | Farm |
| 12:10 | Build | Farm |
| 12:13 | Create | Villager (Male) |
| 12:20 | Build | Farm |
| 12:28 | Create | Villager (Male) |
| 12:51 | Create | Villager (Male) |
| 12:52 | Create | Villager (Male) |
| 13:02 | Build | Farm |
| 13:38 | Build | Farm |
| 13:55 | Research | Castle Age |
| 13:55 | Research | Castle Age |
| 14:00 | Build | Farm |
| 14:10 | Build | Mining Camp |
| 14:28 | Research | Stone Mining |
| 14:28 | Research | Stone Mining |
| 15:04 | Build | Farm |
| 15:28 | Create | Villager (Male) |
| 15:28 | Create | Villager (Male) |
| 15:39 | Build | House |
| 15:43 | Build | Palisade Wall |
| 15:45 | Build | Palisade Wall |
| 15:50 | Build | House |
| 16:35 | Age | Castle Age |
| 16:50 | Research | Bow Saw |
| 17:29 | Build | Castle |
| 17:38 | Create | Villager (Male) |
| 17:42 | Research | Wheelbarrow |
| 17:45 | Research | Heavy Plow |
| 18:06 | Build | Siege Workshop |
| 18:32 | Create | Obuch |
| 18:32 | Create | Obuch |
| 18:32 | Create | Obuch |
| 18:37 | Build | Farm |
| 18:40 | Create | Villager (Male) |
| 19:05 | Build | Town Center |
| 19:22 | Create | Villager (Male) |
| 19:34 | Create | Obuch |
| 19:35 | Create | Obuch |
| 19:36 | Create | Battering Ram |
| 19:36 | Create | Battering Ram |
| 19:43 | Create | Obuch |
| 19:56 | Build | Farm |
| 19:59 | Build | Farm |
| 20:09 | Build | Farm |
| 20:16 | Build | Farm |
| 20:23 | Create | Obuch |
| 20:24 | Create | Obuch |
| 20:27 | Create | Villager (Male) |
| 20:34 | Create | Obuch |
| 20:40 | Create | Villager (Male) |
| 20:41 | Create | Villager (Male) |
| 20:51 | Create | Villager (Male) |
| 21:09 | Build | Farm |
| 21:14 | Create | Villager (Male) |
| 21:20 | Create | Villager (Male) |
| 21:21 | Create | Villager (Male) |
| 21:25 | Create | Obuch |
| 21:26 | Create | Obuch |
| 21:27 | Create | Battering Ram |
| 21:27 | Create | Battering Ram |
| 21:28 | Create | Battering Ram |
| 21:30 | Create | Villager (Male) |
| 21:55 | Build | Farm |
| 21:55 | Build | Farm |
| 21:58 | Build | Farm |
| 22:12 | Create | Villager (Male) |
| 22:15 | Create | Villager (Male) |
| 22:15 | Create | Villager (Male) |
| 22:19 | Create | Obuch |
| 22:37 | Create | Battering Ram |
| 22:38 | Create | Obuch |
| 22:39 | Create | Obuch |
| 22:39 | Create | Obuch |
| 22:51 | Create | Battering Ram |
| 22:54 | Create | Obuch |
| 22:59 | Create | Obuch |
| 23:06 | Create | Villager (Male) |
| 23:09 | Create | Villager (Male) |
| 23:21 | Build | Town Center |
| 23:24 | Create | Villager (Male) |
| 23:32 | Create | Villager (Male) |
| 23:44 | Create | Villager (Male) |
| 23:44 | Create | Villager (Male) |
| 23:52 | Create | Obuch |
| 23:55 | Create | Battering Ram |
| 24:07 | Create | Obuch |
| 24:07 | Create | Obuch |
| 24:33 | Research | Hand Cart |
| 24:34 | Create | Villager (Male) |
| 25:19 | Build | Mill |
| 25:21 | Build | Farm |
| 25:21 | Build | Farm |
| 25:25 | Build | Farm |
| 25:28 | Build | Farm |
| 25:30 | Build | Farm |
| 25:33 | Build | Farm |
| 25:35 | Build | Farm |
| 25:37 | Create | Obuch |
| 25:37 | Create | Obuch |
| 25:37 | Create | Obuch |
Match timeline
| 10:57 | Ranzenhans · age_up feudal |
| 11:01 | De1moS · age_up feudal |
| 13:16 | Ranzenhans · first_market_buy 100 food |
| 13:19 | Ranzenhans · first_market_sell 100 wood |
| 15:29 | De1moS · age_up castle |
| 15:43 | Ranzenhans · wall_segment Palisade Wall x1 |
| 15:44 | De1moS · first_building Castle |
| 15:45 | Ranzenhans · wall_segment Palisade Wall x2 |
| 16:03 | De1moS · first_building Monastery |
| 16:35 | Ranzenhans · age_up castle |
| 17:29 | Ranzenhans · first_building Castle |
| 18:06 | Ranzenhans · first_building Siege Workshop |
| 26:53 | De1moS · first_building Barracks |
| 29:05 | De1moS · first_building Stable |
| 30:22 | De1moS · age_up imperial |
| 36:23 | De1moS · first_building Archery Range |
| 36:42 | Ranzenhans · first_building Barracks |
| 36:49 | Ranzenhans · age_up imperial |
| 37:11 | Ranzenhans · first_building Stable |
| 38:39 | De1moS · wall_segment Stone Wall x1 |
| 38:42 | De1moS · wall_segment Stone Wall x1 |
| 40:49 | De1moS · first_market_buy 100 stone |
| 41:15 | De1moS · first_building Siege Workshop |
| 54:22 | Ranzenhans · resign |
[ AI ANALYSIS · 1 CREDIT ]
What really happened in this match?
Wolo.gg analyzes every decision: build order, eco, micro, common mistakes by bracket. Personalized analysis on WhatsApp or Discord in 30 seconds.
Civ guide
Italians
Map guide
Arena
Perfil
De1moS